 Dungeon Crawl Stone Soup version 0.21-a0-55-gb612c23 (webtiles) character file.

4 Ijustatesigmund the Conjurer (level 1, -1/11 HPs)
             Began as an Octopode Conjurer on June 14, 2017.
             Slain by a goblin
             ... wielding a +0 dagger
              (4 damage)
             ... on level 1 of the Dungeon.
             The game lasted 00:00:41 (250 turns).

Ijustatesigmund the Conjurer (Octopode Conjurer)     Turns: 250, Time: 00:00:41

Health: -1/11      AC:  1    Str:  7    XL:     1   Next: 60%
Magic:  0/3        EV: 13    Int: 17    God:
Gold:   30         SH:  0    Dex: 12    Spells: 3/4 levels left

rFire    . . .     SeeInvis .   c - -3 hand axe (curse)
rCold    . . .     Gourm    .   (no shield)
rNeg     . . .     Faith    .   (helmet restricted)
rPois    .         Spirit   .   (no amulet)
rElec    .         Reflect  .   (no ring)
rCorr    .         Harm     .   (no ring)
MR       .....                  (no ring)
Stlth    +++.......             (no ring)
HPRegen  0.03/turn              (no ring)
MPRegen  0.08/turn              (no ring)
                                (no ring)
                                (no ring)

@: very slightly contaminated
A: almost no armour, stealthy swim, amphibious, 8 rings, constrict 8, camouflage
1, gelatinous body 1
a: no special abilities


You were on level 1 of the Dungeon.
You were not hungry.

You visited 1 branch of the dungeon, and saw 1 of its levels.

You collected 30 gold pieces.

Inventory:

Hand Weapons
 c - a cursed -3 hand axe (weapon)
Scrolls
 d - a scroll of identify
Books
 a - a book of Conjurations

   Spells                             Type                      Level
   a - Magic Dart                     Conjuration                  1
   b - Searing Ray                    Conjuration                  2
   c - Dazzling Spray                 Conjuration/Hexes            3
   d - Fulminant Prism                Conjuration/Hexes            4
   e - Force Lance                    Conjuration/Translocation    4
   f - Iskenderun's Mystic Blast      Conjuration                  4
Comestibles
 b - a bread ration


   Skills:
 - Level 2.0 Dodging
 - Level 2.6 Stealth
 + Level 2.1 Spellcasting
 + Level 4.1 Conjurations


You had 3 spell levels left.
You knew the following spells:

 Your Spells              Type           Power        Failure   Level  Hunger
a - Magic Dart            Conj           ###.         3%          1    #......


Dungeon Overview and Level Annotations

Branches:
Dungeon (1/15)

Altars:


Innate Abilities, Weirdness & Mutations

You cannot wear most types of armour.
You are very stealthy in the water. (Stealth+)
You are amphibious.
You can wear up to eight rings at the same time.
You can use your tentacles to constrict eight enemies at once.
Your skin changes colour to match your surroundings (Stealth+).
Your rubbery body absorbs attacks. (AC +1, EV +1)


Message History

You hit the ball python. The bat completely misses you.
The ball python closely misses you. The ball python grabs you.
The ball python constricts you. The goblin closely misses you.
You hit the ball python. You grab the ball python.
The ball python is severely wounded.
You hit the goblin but do no damage.
You constrict the ball python, but do no damage.
The ball python closely misses you. The ball python constricts you.
The bat closely misses you. The goblin hits you with a dagger.
The ball python bites you but does no damage.
* * * LOW HITPOINT WARNING * * *
The ball python constricts you.
You escape the ball python's grasp.
You release your grip on the ball python.
You aren't carrying any potions.
As you read the scroll labeled NAEBUY JIONGI, it crumbles to dust.
It is a scroll of identify.
You don't have any unidentified items.
The bat closely misses you. The goblin hits you with a dagger.
You die...

..........#......#.....##
....(.........###....###
..................#.##
#.........).....##..#
##.............##.##
###..........##.#
###...........#
#.........### #......b#@#
#......S.g# .....lbl#
........# ...$.)...
.......## ......# ..$..#
.####


You could see a goblin, a bat, a ball python and 2 frilled lizards.

Vanquished Creatures
  A giant cockroach (D:1)
  A hobgoblin (D:1)
  A kobold (D:1)
3 creatures vanquished.

Notes
Turn   | Place    | Note
-------+----------+-------------------------------------------
     0 | D:1      | Ijustatesigmund the Octopode Conjurer began the quest for the Orb.
     0 | D:1      | Reached XP level 1. HP: 11/11 MP: 3/3
   250 | D:1      | Slain by a goblin

Vault maps used:
D:1:      dpeg_cavernosity

Action                   || total
-------------------------++-------
Melee: Hand axe          ||     5
       Constrict         ||     1
       Tentacles         ||     1
 Cast: Magic Dart        ||     5
  Use: Scroll            ||     1
Armor: Skin              ||     2
Dodge: Dodged            ||    11
